 Dungeon Crawl Stone Soup version 0.31.0-11-ge490571c62 (webtiles) character file.

Game seed: 1786290587009395071

9 browni3141 the Shooter (level 2, 22/22 HPs)
             Began as a Demonspawn Hunter on Jan 31, 2024.
             Got out of the dungeon alive.
             The game lasted 00:00:09 (413 turns).

browni3141 the Shooter (Demonspawn Hunter)           Turns: 413, Time: 00:00:10

Health: 22/22      AC:  3    Str: 11    XL:     2   Next: 3%
Magic:  2/2        EV: 12    Int:  9    God:
Gold:   19         SH:  0    Dex: 16    Spells: 1/1 levels left

rFire   . . .        a - +0 shortbow
rCold   . . .        (shield currently unavailable)
rNeg    . . .        c - +0 leather armour
rPois   .            (no helmet)
rElec   .            (no cloak)
rCorr   .            (no gloves)
SInv    .            (no boots)
Will    .....        (no amulet)
Stlth   ++           (no ring)
HPRegen 0.23/turn    (no ring)
MPRegen 0.08/turn

%: no passive effects
@: no status effects
A: demonic magic 1
a: no special abilities


You escaped.
You visited 1 branch of the dungeon, and saw 1 of its levels.

You collected 19 gold pieces.

Inventory:

Hand Weapons
 a - a +0 shortbow (weapon)
Armour
 c - a +0 leather armour (worn)
Scrolls
 b - a scroll of butterflies


   Skills:
 + Level 2.2 Fighting
 + Level 3.7 Ranged Weapons
 + Level 2.0 Dodging
 + Level 1.2 Stealth


You had one spell level left.
You didn't know any spells.
Your spell library was empty.

Dungeon Overview and Level Annotations

Branches:
Dungeon (1/15)

Altars:


Innate Abilities, Weirdness & Mutations

Spells you cast may paralyse adjacent enemies.


Message History

The arrow hits the bat but does no damage.
The bat hits you but does no damage.
A bat is nearby!
You shoot an arrow. The arrow hits the bat!
You kill the bat!
A quokka comes into view.
You shoot an arrow. The arrow hits the quokka.
The quokka is moderately wounded.
A quokka is nearby!
You shoot an arrow. The arrow closely misses the quokka.
A quokka is nearby!
A quokka is nearby!
You shoot an arrow. The arrow closely misses the quokka.
The quokka barely misses you.
You shoot an arrow. The arrow barely misses the quokka.
The quokka bites you.
You shoot an arrow. The arrow hits the quokka.
The quokka is severely wounded.
The quokka barely misses you. The quokka bites you.
A quokka is nearby!
You shoot an arrow. The arrow closely misses the quokka.
The quokka barely misses you.
You shoot an arrow. The arrow hits the quokka!
You kill the quokka!
Your Stealth skill increases to level 1!
HP restored.
You see here a quokka corpse.
A bat comes into view.
Okay, then.
A bat is nearby!
Okay, then.
A bat is nearby!
Okay, then.
A bat is nearby!
You shoot an arrow. The arrow hits the bat.
You kill the bat!
You now have 5 gold pieces.
You see here a +0 club.
Found a stone staircase leading down.
No target in view!
There is a stone staircase leading down here.
You now have 19 gold pieces (gained 14).
You open the door.
A quokka comes into view.
You shoot an arrow. The arrow hits the quokka.
The quokka is heavily wounded.
A quokka is nearby!
You shoot an arrow. The arrow barely misses the quokka.
The quokka barely misses you. The quokka bites you.
A quokka is nearby!
You shoot an arrow. The arrow barely misses the quokka.
The quokka misses you.
A quokka is nearby!
You shoot an arrow. The arrow hits the quokka.
The quokka is almost dead.
The quokka barely misses you. The quokka bites you.
A quokka is nearby!
You shoot an arrow. The arrow closely misses the quokka.
The quokka bites you but does no damage.
A quokka is nearby!
You shoot an arrow. The arrow hits the quokka.
You kill the quokka!
Found a stone staircase leading down.
There is an open door here.
No target in view!
A bat comes into view.
You shoot an arrow. The arrow hits the bat!
You kill the bat!
You see here a +0 leather armour.
You see here a +0 flail.
You see here a bat corpse.
Key pressed, stopping explore.
No target in view!
An endoplasm comes into view.
You shoot an arrow. The arrow hits the endoplasm.
The endoplasm quivers.
The endoplasm is almost dead.
An endoplasm is nearby!
You shoot an arrow. The arrow hits the endoplasm.
You kill the endoplasm!
Your Dodging skill increases to level 2!
A quokka comes into view.
You shoot an arrow. The arrow hits the quokka.
The quokka is almost dead.
A quokka is nearby!
You shoot an arrow. The arrow closely misses the quokka.
The quokka bites you but does no damage.
A quokka is nearby!
You shoot an arrow. The arrow hits the quokka.
You kill the quokka!
You have reached level 2!
Your demonic ancestry asserts itself...
A menacing aura infuses your magic.
Unknown command.
You see here a +0 club.
You see here a quokka skeleton.
As you open the door, it creaks loudly!
You can't go up here!
There is an open door here.
Unknown command.
There is a staircase leading out of the dungeon here.
You have escaped!

#.....># #...##.# #...##.#
######.# #.# #.# #.#
#########.# ♣~♣~~.@##.#
####♣♣~.....##)#
#..'.....~♣≈##.#
#.##P♣.~♣♣♣♣##.###########
######.####'###
#...........#
..............#
###########.#
#############.# #.# #.#
#.# #.# #.#


There were no monsters in sight!

Vanquished Creatures
  3 bats (D:1)
  An endoplasm (D:1)
  3 quokkas (D:1)
7 creatures vanquished.

Notes
Turn   | Place    | Note
-------+----------+-------------------------------------------
     0 | D:1      | browni3141 the Demonspawn Hunter began the quest for the
                  | Orb.
     0 | D:1      | Reached XP level 1. HP: 16/16 MP: 1/1
    47 | D:1      | Reached skill level 1 in Stealth
   290 | D:1      | Gained mutation: Spells you cast may paralyse adjacent
                  | enemies. [demonic ancestry]
   290 | D:1      | Reached XP level 2. HP: 22/22 MP: 2/2
   413 | D:$      | Got out of the dungeon alive.

Illustrated notes

Levels and vault maps discovered:
D:1:      tarquinn_simple_flora_water_f, layout_basic, wad_floor_pattern_1

Skill      XL: |  1 |
---------------+----+-----
Stealth        | 1 |  1.2
Dodging        | 2 |  2.0
Fighting       | |  2.2
Ranged Weapons | |  3.7

Action                     || total
---------------------------++-------
   Fire: Shortbow          ||    23
 Armour: Leather armour    ||     7
  Dodge: Dodged            ||     6
